 Dungeon Crawl Stone Soup version 0.23.1 (webtiles) character file.

Game seed: 622018233368574960

28 Borgoz the Sneak (level 3, 0/27 HPs)
             Began as a Ghoul Enchanter on Mar 14, 2019.
             Slain by a leopard gecko (2 damage)
             ... on level 2 of the Dungeon.
             The game lasted 00:02:26 (864 turns).

Borgoz the Sneak (Ghoul Enchanter)                   Turns: 864, Time: 00:02:27

Health: 0/27       AC:  2    Str: 11    XL:     3   Next: 12%
Magic:  1/4        EV: 12    Int: 10    God:
Gold:   26         SH:  0    Dex: 10    Spells: 4/5 levels left

rFire    . . .     SeeInvis .   a - +1 dagger
rCold    + . .     Gourm    .   (no shield)
rNeg     + + +     Faith    .   b - +0 robe
rPois    ∞         Spirit   .   (no helmet)
rElec    .         Reflect  .   (no cloak)
rCorr    .         Harm     .   (no gloves)
MR       .....                  (no boots)
Stlth    ++........             (no amulet)
HPRegen  0.00/turn              (no ring)
MPRegen  0.09/turn              (no ring)

@: rotting
A: rotting body, claws 1, carnivore, cold resistance 1, negative energy
resistance 3, inhibited regeneration, torment resistance, unbreathing
a: no special abilities


You were on level 2 of the Dungeon.
You were not hungry.

You visited 1 branch of the dungeon, and saw 3 of its levels.

You collected 26 gold pieces.

Inventory:

Hand Weapons
 a - a +1 dagger (weapon)
Armour
 b - a +0 robe (worn)
 e - a +0 ring mail
Jewellery
 h - a cursed amulet of inaccuracy {unknown}
Scrolls
 f - a scroll of identify {unknown}
 g - a scroll of remove curse {unknown}
Comestibles
 d - 2 rations


   Skills:
 + Level 0.7 Fighting
 * Level 1.4 Short Blades
 * Level 1.0 Armour
 * Level 2.1 Dodging
 + Level 3.4 Stealth
 + Level 1.9 Spellcasting
 - Level 2.4 Hexes


You had 4 spell levels left.
You knew the following spells:

 Your Spells              Type           Power        Failure   Level  Hunger
a - Corona                Hex            #......      12%         1    ##.....

Your spell library contained the following spells:

 Spells                   Type           Power        Failure   Level  Hunger
 Ensorcelled Hibernation  Hex/Ice        #.....       28%         2    ###....
 Confuse                  Hex            #.......     34%         3    ####...
 Tukima's Dance           Hex            #.......     34%         3    ####...
 Dazzling Spray           Conj/Hex       #.....       50%         3    ####...


Dungeon Overview and Level Annotations

Branches:
Dungeon (3/15)

Altars:


Innate Abilities, Weirdness & Mutations

Your body is rotting away.
You thrive on raw meat.
You are immune to poison.
You have sharp fingernails.
You are carnivorous and can eat meat at any time.
Your flesh is cold resistant. (rC+)
You are immune to negative energy. (rN+++)
You do not regenerate when monsters are visible.
You are immune to unholy pain and torment.
You can survive without breathing.


Message History

* * * LOW HITPOINT WARNING * * *
Okay, then.
You aren't carrying any potions.
You aren't carrying any potions.
You closely miss the jackal.
The jackal is almost dead.
The jackal bites you.
* * * LOW HITPOINT WARNING * * *
The leopard gecko closely misses you.
You hit the jackal but do no damage.
The jackal is almost dead.
The jackal bites you.
* * * LOW HITPOINT WARNING * * *
The leopard gecko closely misses you.
You hit the jackal but do no damage.
The jackal is almost dead.
The jackal bites you.
* * * LOW HITPOINT WARNING * * *
The leopard gecko bites you.
You die...

........#.#.##
..........#..
......... ..#
........# =.##.#
##.####.##.....##
.....l...........
##.#####.#..#####
....###l#..##
.....#@#....#
...#h##.#.#.
##.##.#.##.#...
..?.....#....=..
###.##..#..# #.
#.....####.
##.........
#.)#.#### #..#.#


You could see a leopard gecko and a jackal.

Vanquished Creatures
  2 leopard geckos
  A giant cockroach (D:3)
  4 hobgoblins (D:1)
  3 jackals
  2 kobolds (D:2)
  A quokka (D:3)
  3 bats
  2 frilled lizards
  3 goblins
  3 rats
24 creatures vanquished.

Notes
Turn   | Place    | Note
-------+----------+-------------------------------------------
     0 | D:1      | Borgoz the Ghoul Enchanter began the quest for the Orb.
     0 | D:1      | Reached XP level 1. HP: 14/14 MP: 2/2
    40 | D:1      | Reached skill level 1 in Short Blades
   216 | D:1      | Reached XP level 2. HP: 10/20 MP: 0/3
   835 | D:2      | Reached XP level 3. HP: 16/27 MP: 0/4
   842 | D:2      | Reached skill level 1 in Armour
   864 | D:2      | Slain by a leopard gecko

Skill      XL: |  1  2  3 |
---------------+----------+-----
Short Blades   | 1 |  1.4
Dodging        | 2 |  2.1
Armour         | 1 |  1.0
Fighting       | |  0.7
Stealth        | |  3.4
Spellcasting   | |  1.9
Hexes          | |  2.4

Action                   || total
-------------------------++-------
Melee: Dagger            ||   106
 Cast: Corona            ||    11
 Stab: Sleeping          ||     2
  Eat: Chunk             ||    18
Armor: Robe              ||    27
Dodge: Dodged            ||   121
